AoeStats
← bibita

Nomad

509173746Analyzed
3v3 RM · 7d ago on Sep 25, 2026· 57m 17s· 6 players
Game mode
Random Map
Map size
210×210
Population
200
Speed
Normal
Resources
Standard
Victory
Conquest
Starting age
Dark Age
Ending age
Imperial Age
RankedLock teamsTeams togetherTeam positionsShared explorationLock speedFull tech treeHidden civsTurbo modeCheats
Victory
Defeat
🇨🇿 Lithuanians · Czechia
1030
+15
🇨🇿 Bohemians · Czechia
1019
+16
🇨🇿 Aztecs · Czechia
962
+18
🇪🇸 Koreans · Spain
1107
-19
🇪🇸 Danes · Spain
1065
-19
🇪🇸 Vikings · Spain
866
-11
Kamil
14:13 Feudal Age
12:28 Loom
16:02 Double-Bit Axe
20:02 Castle Age
18:38 Wheelbarrow
18:16 Fletching
18:40 Horse Collar
20:26 Padded Archer Armor
24:01 Leather Archer Armor
23:46 Crossbowman
25:14 Bow Saw
26:31 Bodkin Arrow
26:59 Pikeman
28:19 Forging
28:33 Ballistics
29:05 Hand Cart
30:44 Chemistry
32:25 Heavy Plow
36:02 Imperial Age
34:02 Murder Holes
34:28 Scale Mail Armor
36:11 Iron Casting
35:51 Chain Mail Armor
36:04 Arbalester
37:17 Conscription
37:11 Squires
37:19 Bracer
39:24 Ring Archer Armor
39:10 Chain Mail Armor
38:43 Arson
40:55 Two-Man Saw
42:07 Blast Furnace
41:37 Plate Mail Armor
41:32 Elite Hussite Wagon
49:13 Halberdier
Pjenkava
12:13 Loom
14:49 Feudal Age
15:42 Town Watch
19:16 Castle Age
18:27 Fishing Lines
19:40 Double-Bit Axe
20:48 Forging
20:43 Scale Barding Armor
20:31 Fletching
20:35 Stone Mining
30:40 Stone Shaft Mining
29:56 Gold Mining
34:54 Town Patrol
38:47 Chain Barding Armor
43:35 Wheelbarrow
44:11 Murder Holes
46:55 Hand Cart
53:09 Bow Saw
54:13 Iron Casting
nnilor
18:36 Feudal Age
19:05 Double-Bit Axe
19:03 Horse Collar
22:10 Wheelbarrow
22:25 Gold Mining
22:26 Stone Mining
25:30 Castle Age
26:25 Bow Saw
26:17 Heavy Plow
29:43 Medium Warships
32:18 Demolition Ship
35:42 Elite Skirmisher
37:44 Hand Cart
39:24 Forging
39:14 Scale Mail Armor
42:00 Imperial Age
41:52 Loom
42:38 Ballistics
42:48 Padded Archer Armor
42:39 Fletching
43:24 Iron Casting
43:04 Chain Mail Armor
43:52 Chemistry
48:21 Gold Shaft Mining
48:22 Stone Shaft Mining
48:34 Plate Mail Armor
48:00 Bodkin Arrow
48:20 Leather Archer Armor
48:29 Onager
53:07 Siege Onager
Muninn77
9:22 Loom
15:01 Feudal Age
20:16 Castle Age
18:48 Fishing Lines
19:11 Double-Bit Axe
19:31 Gold Mining
19:36 Arson
19:12 Man-at-Arms
19:23 Man-at-Arms
20:24 Long Swordsman
20:49 Gambesons
21:05 Squires
23:00 Scale Mail Armor
29:07 Wheelbarrow
28:44 Bow Saw
31:23 Pikeman
34:08 Gillnets
34:15 Fletching
35:30 Hand Cart
34:59 Horse Collar
36:01 Ballistics
36:21 Bodkin Arrow
41:42 Imperial Age
41:51 Elite Varangian Guard
52:56 Forging
53:02 Chain Mail Armor
56:14 Plate Mail Armor
56:20 Iron Casting
ConejoSilent
6:49 Loom
15:51 Feudal Age
16:19 Double-Bit Axe
18:21 Gold Mining
19:55 Forging
19:37 Fletching
20:58 Stone Mining
20:59 Fishing Lines
25:19 Castle Age
27:01 Medium Warships
26:42 Gillnets
28:42 Bow Saw
37:04 Imperial Age
37:24 Bodkin Arrow
38:34 Bracer
39:13 Conscription
39:02 Town Watch
39:53 Wheelbarrow
43:13 Ballistics
43:53 Chemistry
42:58 Husbandry
44:24 Murder Holes
48:03 Masonry
bibita
12:50 Loom
22:26 Feudal Age
27:18 Castle Age
31:20 Padded Archer Armor
31:26 Scale Barding Armor
32:16 Double-Bit Axe
32:25 Gold Mining
40:02 Leather Archer Armor
39:59 Forging
39:40 Fletching
43:35 Chieftains
46:45 Imperial Age
47:19 Town Watch
49:15 Ring Archer Armor
48:47 Scale Mail Armor
49:46 Horse Collar
51:41 Bow Saw
Connection lost

Rejoining the realm…

Still unreachable

The connection could not be restored.

Session expired

The server has moved on; the page needs a fresh start.